 Dungeon Crawl Stone Soup version 0.17-a0-562-gfd539b1 (webtiles) character file.

83007 Fluffy the Champion of Chaos (level 15, -12/125 HPs)
             Began as a Demonspawn Gladiator on Apr 14, 2015.
             Was the Champion of Makhleb.
             Mangled by an orc warlord
             ... wielding a +0 great sword
              (23 damage)
             ... on level 4 of the Orcish Mines.
             The game lasted 01:35:19 (27034 turns).

Fluffy the Champion of Chaos (DsGl)                Turns: 27034, Time: 01:35:22

Health: -12/125    AC: 20    Str: 19    XL:     15   Next: 31%
Magic:  27/27      EV: 11    Int: 10    God:    Makhleb [******]
Gold:   2434       SH:  4    Dex: 16    Spells: 0 memorised, 14 levels left

rFire  + . .     SeeInvis .     E - +2 demon blade (elec)
rCold  + + +     Clarity  .     w - +1 plate armour {rF+}
rNeg   . . .     SustAb   .     R - +1 buckler {rC+}
rPois  .         Gourm    .     u - +0 hat {rC+}
rElec  .         Spirit   .     r - +2 cloak
rCorr  .         Warding  .     (no gloves)
rMut   .         Stasis   .     (no boots)
MR     +....                    g - amulet of regeneration
Stlth  ..........               l - ring of protection from cold
                                L - ring of stealth

@: repel missiles, drained, somewhat resistant to hostile enchantments,
extremely unstealthy
A: antennae 1, repulsion field 3, cold resistance 1, spit poison 1, freezing
cloud immunity
a: Spit Poison, Minor Destruction, Lesser Servant of Makhleb, Major Destruction,
Greater Servant of Makhleb, Renounce Religion


You were on level 4 of the Orcish Mines.
You worshipped Makhleb.
Makhleb was exalted by your worship.
You were hungry.

You visited 4 branches of the dungeon, and saw 23 of its levels.
You also visited: Ossuary and Ice Cave.

You collected 2434 gold pieces.

Inventory:

Hand weapons
 y - the +8 dagger of Myrir {pierce, Int+5}
   (You found it in an ossuary)

   It inflicts extra damage upon your enemies.
   It affects your intelligence (+5).
 E - a +2 demon blade of electrocution (weapon)
Missiles
 d - 5 throwing nets (quivered)
Armour
 r - a +2 cloak (worn)
 u - a +0 hat of cold resistance (worn)
 w - a +1 plate armour of fire resistance (worn)
 R - a +1 buckler of cold resistance (worn)
Jewellery
 g - an amulet of regeneration (around neck)
 l - a ring of protection from cold (right hand)
 n - an uncursed amulet of resist corrosion
 s - an uncursed ring of invisibility
 L - a ring of stealth (left hand)
Magical devices
 A - a wand of digging (13)
 D - a wand of digging (14)
 J - a wand of cold (8)
 Q - a wand of cold (7)
 W - a wand of teleportation (6)
Scrolls
 b - 4 scrolls of blinking
 e - 9 scrolls of identify
 j - 9 scrolls of remove curse
 o - 4 scrolls of fog
 p - 4 scrolls of teleportation
 z - 2 scrolls of enchant armour
 C - 4 scrolls of recharging
 G - 4 scrolls of enchant weapon
 H - 2 scrolls of magic mapping
 S - 2 scrolls of fear
 Y - a scroll of amnesia
Potions
 c - a potion of heal wounds
 h - 4 potions of might
 m - 3 potions of berserk rage
 q - a potion of restore abilities
 x - 11 potions of curing
 B - 4 potions of cancellation
 F - 3 potions of haste
 M - a potion of magic
 N - a potion of ambrosia
 O - a potion of resistance
 T - a potion of flight
 X - 2 potions of invisibility
Miscellaneous
 t - a phial of floods
 U - a stone of tremors
Comestibles
 a - 6 meat rations
 f - 10 bread rations
 i - 6 beef jerkies
 k - 10 slices of pizza
 I - 2 royal jellies
 P - 19 fruits


   Skills:
 + Level 13.8(13.1) Fighting
 + Level 13.2(12.5) Long Blades
 - Level 1.7(1.2) Throwing
 + Level 12.7(12.0) Armour
 - Level 2.6(2.1) Dodging
 + Level 16.0(15.2) Invocations


You had 14 spell levels left.
You didn't know any spells.

Dungeon Overview and Level Annotations

Branches:
Dungeon (10/15)            Temple (1/1) D:6            Lair (8/8) D:9
  Swamp (0/5) Lair:3       Spider (0/5) Lair:6        Slime (0/6) Lair:7
    Orc (4/4) D:9             Elf (0/3) Orc:4

Altars:
Ashenzari
Cheibriados
Dithmenos
Elyvilon
Fedhas
Gozag
Kikubaaqudgha
Makhleb
Nemelex Xobeh
Okawaru
Qazlal
Ru
Sif Muna
Trog
Vehumet
Xom
Yredelemnul
Zin
The Shining One
Beogh
Jiyva

Shops:
Orc:2 *   Orc:3 !   Orc:4 !%

Annotations:
Lair:7 1 runed door, exclusion: 4 oklob plants


Innate Abilities, Weirdness & Mutations

You have a pair of small antennae on your head.
You are surrounded by a strong repulsion field (EV +4, rMsl).
Your flesh is cold resistant.
You are immune to freezing clouds.
You can spit weak poison.


Message History

The orc warlord hits you with a great sword!
* * * LOW HITPOINT WARNING * * *
You closely miss the orc warlord.
The orc warlord is almost dead.
You block the orc warrior's attack. The orc sorcerer barely misses you.
You hit the orc warlord.
The orc warlord is almost dead.
The orc warlord hits you with a great sword!
* * * LOW HITPOINT WARNING * * *
The orc warrior hits you from afar with a halberd.
* * * LOW HITPOINT WARNING * * *
Drink which item? (? for menu, Esc to quit)
You feel much better.
The orc sorcerer gestures at you while chanting.
The bolt of negative energy hits you!
You feel drained.
* * * LOW HITPOINT WARNING * * *
The orc warlord roars a battlecry!
The orc warrior goes into a battle-frenzy!
The orc warlord hits you with a great sword!!
You die...

##o....................## .
###.......8.8.......###
#####..5).4...#####
###########[###########
#....#...##.##..(#....#
####'##.#...##)##...#.##'## ####
#.#...#.##'###o###)##.#...# ##≈#≈
.##...#....)))ooo#....#...###.≈≈≈
#######...)##÷##@#....######...≈≈
# #..#..))#..{#.#....#..##.#..≈#
# #..'...(#(..#....).'..####..##
## #..####(#####.####)#..###...♣#
.# ####..........#..#)#####.....#
.######.####.....#).'.####......#
)..'....#..#(.⌠..#..#))()'......#
...####))..#.....####.####.......
...####)#).#..........###........


You could see an orc warlord, an orc sorcerer (frenzied) and 2 orc warriors.

Vanquished Creatures
  Maud (Lair:5)
  A stone giant (Orc:4)
  Harold (Orc:2)
  An ice dragon (Lair:7)
  An ogre mage (Orc:3)
  6 hydras
  9 death yaks
  Urug (Lair:2)
  5 orc high priests
  A deep troll (Orc:3)
  An unseen horror (D:7)
  A hill giant (D:10)
  An ice statue (IceCv)
  2 lindwurms (Lair:8)
  8 orc knights
  2 griffons
  A cyclops (Orc:4)
  5 orc sorcerers
  9 elephants
  2 ugly things
  6 black mambas
  2 torpor snails (Lair:8)
  Psyche (D:10)
  A queen ant (Lair:6)
  14 spiny frogs
  5 fire drakes
  7 komodo dragons
  3 trolls
  10 freezing wraiths (IceCv)
  4 two-headed ogres
  3 polar bears
  13 blink frogs
  2 boulder beetles (Lair:8)
  The ghost of Zigurun the Changer, an average OpTm (D:3)
  2 deep elf magi
  4 fire bats (Lair:2)
  A hog (D:8)
  4 basilisks
  2 wyverns
  41 yaks
  A wandering mushroom (Lair:8)
  8 hippogriffs
  A human (D:8)
  A hungry ghost (D:9)
  13 wolves
  8 wargs
  9 soldier ants (Lair:6)
  15 water moccasins
  A death yak simulacrum (IceCv)
  2 sky beasts
  Duvessa (D:6)
  17 ice beasts
  11 spiders (Lair:6)
  6 porcupines
  An orc zombie (Orc:4)
  48 orc warriors
  2 phantoms
  A wasp (D:9)
  6 centaurs
  2 boring beetles
  22 ogres
  17 crocodiles
  Blork the orc (D:6)
  An elf zombie (Ossuary)
  A gnoll sergeant (D:9)
  A wyvern zombie (D:10)
  12 giant frogs
  Dowan (D:6)
  2 big kobolds (D:10)
  3 scorpions
  5 killer bees (D:9)
  2 quasits
  5 electric eels
  5 crimson imps
  4 draconian simulacra (IceCv)
  3 hounds
  2 human zombies (Ossuary)
  30 orc priests
  24 worker ants
  A centaur skeleton (D:8)
  34 orc wizards
  A polar bear simulacrum (IceCv)
  8 iguanas
  A centaur simulacrum (IceCv)
  11 sheep
  5 troll simulacra (IceCv)
  2 wolf simulacra (IceCv)
  A big kobold zombie (Ossuary)
  2 hound zombies (Ossuary)
  5 mummies
  6 gnolls (D:9)
  A naga simulacrum (IceCv)
  3 ogre simulacra (IceCv)
  61 river rats
  9 adders
  A shadow imp (D:10)
  14 white imps
  An ufetubus (Orc:4)
  An adder zombie (D:5)
  2 worms (D:2)
  3 giant geckos
  257 orcs
  9 bats
  2 bat skeletons (D:4)
  8 giant cockroaches
  20 hobgoblins
  28 kobolds
  2 ball pythons
  4 giant newts
  3 giant spores
  23 goblins
  A goblin zombie (Ossuary)
  A hobgoblin zombie (Ossuary)
  6 jackals
  A jackal skeleton (D:5)
  A jackal zombie (Ossuary)
  A kobold zombie (Ossuary)
  6 quokkas
  A quokka skeleton (D:4)
  13 rats
  4 rat zombies
  11 ballistomycetes
  A plant (Lair:1)
1056 creatures vanquished.

Vanquished Creatures (collateral kills)
  Nessos (Lair:5)
  2 death yaks (Lair:8)
  A torpor snail (Lair:8)
  3 yaks (Lair:8)
  A water moccasin (Lair:8)
  An iguana (Lair:5)
9 creatures vanquished.

Vanquished Creatures (others)
  A necromancer (IceCv)
  A neqoxec (Lair:7)
  A quasit (Lair:7)
  2 draconian simulacra (IceCv)
  An orc wizard (Orc:4)
  2 troll simulacra (IceCv)
  A centaur simulacrum (IceCv)
  A naga simulacrum (IceCv)
  A shadow imp (Lair:7)
  A white imp (Lair:7)
  A giant spore (D:9)
  8 fungi
  A plant (Lair:8)
22 creatures vanquished.

Grand Total: 1087 creatures vanquished

Notes
Turn   | Place    | Note
--------------------------------------------------------------
     0 | D:1      | Fluffy, the Demonspawn Gladiator, began the quest for the Orb.
     0 | D:1      | Reached XP level 1. HP: 16/16 MP: 1/1
   148 | D:1      | Reached skill level 3 in Long Blades
   326 | D:1      | Gained mutation: Your flesh is cold resistant. [demonic ancestry]
   326 | D:1      | Reached XP level 2. HP: 22/22 MP: 2/2
   666 | D:2      | Gained mutation: You have a pair of small antennae on your head. [demonic ancestry]
   666 | D:2      | Reached XP level 3. HP: 27/27 MP: 3/3
   856 | D:2      | Found an iron altar of Okawaru.
   881 | D:2      | Reached skill level 4 in Long Blades
  1185 | D:2      | Found a sparkling altar of Nemelex Xobeh.
  1345 | D:3      | Reached XP level 4. HP: 33/33 MP: 4/4
  1575 | D:3      | Found a blossoming altar of Fedhas.
  1645 | D:3      | Reached skill level 1 in Armour
  1886 | D:3      | Found a snail-covered altar of Cheibriados.
  1909 | D:3      | Noticed Zigurun's ghost (average OpTm)
  1934 | D:3      | Killed Zigurun's ghost
  1934 | D:3      | Reached skill level 5 in Long Blades
  1934 | D:3      | Gained mutation: You are surrounded by a mild repulsion field (EV +2). [demonic ancestry]
  1934 | D:3      | Reached XP level 5. HP: 23/41 MP: 5/5
  1934 | D:3      | Reached XP level 6. HP: 26/47 MP: 6/6
  2143 | D:4      | Found an opulent altar of Gozag.
  2377 | D:4      | Reached XP level 7. HP: 43/54 MP: 7/7
  2465 | D:4      | Gained mutation: You can spit weak poison. [potion of beneficial mutation]
  2750 | D:4      | Found a bloodstained altar of Trog.
  2754 | D:4      | Found a shadowy altar of Dithmenos.
  2935 | D:5      | Entered Level 5 of the Dungeon
  2953 | D:5      | Found a white marble altar of Elyvilon.
  2973 | D:5      | Found a shimmering altar of Xom.
  3023 | D:5      | Reached skill level 5 in Fighting
  3023 | D:5      | Reached skill level 6 in Long Blades
  3325 | D:5      | Gained mutation: You are surrounded by a moderate repulsion field (EV +3). [demonic ancestry]
  3325 | D:5      | Reached XP level 8. HP: 55/62 MP: 8/8
  3571 | D:5      | Found a glowing silver altar of Zin.
  3654 | D:6      | Found a staircase to the Ecumenical Temple.
  3669 | Temple   | Entered the Ecumenical Temple
  3718 | Temple   | Became a worshipper of Makhleb the Destroyer
  3957 | D:6      | Reached skill level 1 in Invocations
  4240 | D:6      | Noticed Duvessa
  4240 | D:6      | Noticed Dowan
  4251 | D:6      | Killed Duvessa
  4272 | D:6      | Killed Dowan
  4420 | D:6      | Noticed Blork the orc
  4429 | D:6      | Killed Blork the orc
  5058 | D:6      | Reached skill level 5 in Armour
  5316 | D:7      | Acquired Makhleb's first power
  5384 | D:7      | Reached skill level 7 in Long Blades
  5467 | D:7      | Gained mutation: You are immune to freezing clouds. [demonic ancestry]
  5467 | D:7      | Reached XP level 9. HP: 71/71 MP: 10/12
  5510 | D:7      | Noticed a cyan ugly thing
  5522 | D:7      | Found a stormy altar of Qazlal.
  5535 | D:7      | Killed a cyan ugly thing
  5631 | D:7      | Killed an unseen horror
  5631 | D:7      | Reached skill level 5 in Invocations
  5972 | D:7      | Found a basalt altar of Yredelemnul.
  6153 | D:7      | Acquired Makhleb's second power
  6600 | D:8      | Reached skill level 8 in Long Blades
  6612 | D:8      | Reached XP level 10. HP: 56/80 MP: 13/15
  6680 | D:8      | Found a sand-covered staircase.
  6695 | Ossuary  | Entered an ossuary
  6787 | Ossuary  | Got a smoking dagger
  6914 | D:8      | Identified a scroll of acquirement
  6915 | D:8      | Got a pair of transparent boots
  6921 | D:8      | Identified the -1 pair of boots "Deurch" {rElec Slay-5 SInv Stlth+} (You acquired it on level 8 of the Dungeon)
  6929 | D:8      | Identified the +8 dagger of Myrir {pierce, Int+5} (You found it in an ossuary)
  7127 | D:8      | Noticed a brown ugly thing
  7142 | D:8      | Killed a brown ugly thing
  7343 | D:8      | Acquired Makhleb's third power
  7703 | D:9      | Found a staircase to the Lair.
  8252 | D:9      | Found a staircase to the Orcish Mines.
  9067 | D:9      | Acquired Makhleb's fourth power
  9137 | D:10     | Entered Level 10 of the Dungeon
  9216 | D:10     | Reached skill level 9 in Long Blades
  9269 | D:10     | Gained mutation: You are surrounded by a strong repulsion field (EV +4, rMsl). [demonic ancestry]
  9269 | D:10     | Reached XP level 11. HP: 89/89 MP: 17/17
  9433 | D:10     | Noticed Psyche
  9445 | D:10     | Killed Psyche
  9669 | D:10     | Noticed a hill giant
  9693 | D:10     | Killed a hill giant
 10076 | D:10     | Acquired Makhleb's fifth power
 10403 | Lair:1   | Entered Level 1 of the Lair of Beasts
 10548 | Lair:1   | Reached skill level 10 in Invocations
 11295 | Lair:1   | Reached skill level 10 in Fighting
 11613 | Lair:2   | Noticed a four-headed hydra
 11630 | Lair:2   | Killed a four-headed hydra
 11630 | Lair:2   | Reached skill level 10 in Long Blades
 11722 | Lair:2   | Noticed Urug
 11738 | Lair:2   | Killed Urug
 11953 | Lair:2   | Reached XP level 12. HP: 94/98 MP: 20/20
 11973 | Lair:2   | Reached skill level 11 in Invocations
 13141 | Lair:3   | Found a staircase to the Swamp.
 13183 | Lair:4   | Noticed an eight-headed hydra
 13197 | Lair:4   | Killed an eight-headed hydra
 13197 | Lair:4   | Reached skill level 10 in Armour
 13373 | Lair:4   | Reached skill level 12 in Invocations
 14246 | Lair:5   | Noticed Nessos
 14252 | Lair:5   | Killed Nessos
 14535 | Lair:5   | Noticed Maud
 14549 | Lair:5   | Killed Maud
 14549 | Lair:5   | Reached XP level 13. HP: 106/106 MP: 22/22
 15016 | Lair:5   | Noticed a four-headed hydra
 15029 | Lair:5   | Killed a four-headed hydra
 15443 | Lair:6   | Reached skill level 13 in Invocations
 15664 | Lair:6   | Found a hole to the Spider Nest.
 16938 | Lair:7   | Found a runed door.
 16939 | Lair:7   | Found a viscous altar of Jiyva.
 16939 | Lair:7   | Found a staircase to the Slime Pits.
 16939 | Lair:7   | Noticed an azure jelly
 16939 | Lair:7   | Noticed an azure jelly
 16940 | Lair:7   | Noticed an azure jelly
 16940 | Lair:7   | Noticed an azure jelly
 17879 | Lair:8   | Entered Level 8 of the Lair of Beasts
 18845 | Lair:7   | Reached skill level 14 in Invocations
 19743 | Lair:8   | Reached XP level 14. HP: 107/116 MP: 24/24
 19870 | Lair:8   | Got a creamy pearl robe
 20563 | Lair:8   | Got a bound steel amulet
 20565 | Lair:8   | Identified the amulet "Kyfaomey" {Inacc rN+} (You found it on level 8 of the Lair of Beasts)
 21499 | Lair:3   | Reached skill level 15 in Invocations
 21648 | Orc:1    | Entered Level 1 of the Orcish Mines
 22179 | Orc:2    | Found a frozen archway.
 22226 | IceCv    | Entered an ice cave
 22536 | IceCv    | Found an ancient bone altar of Kikubaaqudgha.
 22574 | IceCv    | Identified the Catalogue of the Glacier and Combat Magic
 22810 | IceCv    | Identified the +0 robe of Qekosan {rElec Stlth+} (You found it on level 8 of the Lair of Beasts)
 23088 | Orc:2    | Found a roughly hewn altar of Beogh.
 23090 | Orc:2    | Noticed Harold
 23162 | Orc:2    | Killed Harold
 23373 | Orc:2    | Found Lauxa's Assorted Antiques.
 23635 | Orc:3    | Found a roughly hewn altar of Beogh.
 23811 | Orc:3    | Found Apie's Distillery.
 24782 | Orc:4    | Entered Level 4 of the Orcish Mines
 25322 | Orc:4    | Reached XP level 15. HP: 124/124 MP: 26/26
 25704 | Orc:4    | Found a roughly hewn altar of Beogh.
 25709 | Orc:4    | Found Utaagex's Food Boutique.
 26005 | Orc:4    | Found Idumeall's Distillery.
 26446 | Orc:4    | Found a staircase to the Elven Halls.
 26531 | Orc:4    | Reached skill level 16 in Invocations
 26878 | Orc:4    | Noticed an orc warlord
 26879 | Orc:4    | Found a roughly hewn altar of Beogh.
 27034 | Orc:4    | Mangled by an orc warlord

Action                   |  1- 3 |  4- 6 |  7- 9 | 10-12 | 13-15 || total
-------------------------+-------+-------+-------+-------+-------++-------
Melee: Long sword        |   112 |    46 |       |       |       ||   158
       Falchion          |       |    76 |   382 |   170 |       ||   628
       Demon blade       |       |       |       |   902 |  2124 ||  3026
       Dagger            |       |       |       |    20 |    37 ||    57
Invok: Minor Destruction |       |       |       |    34 |    23 ||    57
       Greater Servant o |       |       |       |     1 |     1 ||     2
       Lesser Servant of |       |       |       |       |     1 ||     1
 Abil: Spit Poison       |       |       |     6 |    17 |       ||    23
Evoke: Wand              |       |       |       |     4 |       ||     4
  Use: Scroll            |       |     7 |     9 |    14 |     6 ||    36
       Potion            |       |       |     1 |       |     2 ||     3
 Stab: Distracted        |       |       |       |       |     1 ||     1
  Eat: Chunk             |     2 |     4 |    16 |    35 |    47 ||   104
       Fruit             |       |       |       |       |     5 ||     5
